 Dungeon Crawl Stone Soup version 0.19-a0-1908-g43c011f (webtiles) character file.

130 Jorund the Charmwright (level 5, 0/34 HPs)
             Began as an Octopode Skald on Oct 21, 2016.
             Slain by Grinder (1 damage)
             ... while paralysed by Grinder
             ... on level 3 of the Dungeon on Oct 22, 2016.
             The game lasted 00:05:02 (2343 turns).

Jorund the Charmwright (Octopode Skald)             Turns: 2343, Time: 00:05:03

Health: 0/34       AC:  1    Str: 11    XL:     5   Next: 14%
Magic:  7/9        EV:  2    Int: 15    God:
Gold:   86         SH:  0    Dex: 12    Spells: 3 memorised, 4 levels left

rFire  . . .     SeeInvis .     a - +1 falchion
rCold  + . .     Gourm    .     (no shield)
rNeg   . . .     Faith    .     (helmet restricted)
rPois  .         Spirit   .     (no amulet)
rElec  .         Reflect  .     p - ring of protection from cold
rCorr  .         Harm     .     l - ring of protection from magic
MR     +....                    (no ring)
Stlth  ++........               (no ring)
                                (no ring)
                                (no ring)
                                (no ring)
                                (no ring)

@: paralysed, infused (expiring)
A: almost no armour, stealthy swim, amphibious, 8 rings, constrict 8, camouflage
1, gelatinous body 1
a: no special abilities


You were on level 3 of the Dungeon.
You were not hungry.

You visited 1 branch of the dungeon, and saw 3 of its levels.

You collected 86 gold pieces.

Inventory:

Hand Weapons
 a - a +1 falchion (weapon)
Jewellery
 l - a ring of protection from magic (right tentacle)
 p - a ring of protection from cold (left tentacle)
Scrolls
 g - a scroll of remove curse
Potions
 e - 2 potions of brilliance {unknown}
 f - a potion of heal wounds {unknown}
 h - a potion of haste {unknown}
 i - a potion of magic {unknown}
 j - 2 potions of agility {unknown}
 m - 2 potions of lignification {unknown}
 n - a potion of might
 o - a potion of ambrosia {unknown}
Books
 b - a book of Battle

   Spells                             Type                      Level
   a - Infusion                       Charms                       1
   b - Shroud of Golubria             Charms/Translocation         2
   c - Song of Slaying                Charms                       2
   d - Spectral Weapon                Hexes/Charms                 3
   e - Regeneration                   Charms/Necromancy            3
Comestibles
 c - 2 bread rations
 d - 3 fruits
 k - a meat ration


   Skills:
 - Level 2.0 Fighting
 + Level 3.7 Long Blades
 - Level 1.5 Dodging
 + Level 2.6 Spellcasting
 + Level 4.1 Charms


You had 4 spell levels left.
You knew the following spells:

 Your Spells              Type           Power        Failure   Level  Hunger
a - Infusion              Chrm           ##..         4%          1    #......
b - Song of Slaying       Chrm           ##......     8%          2    ##.....
c - Shroud of Golubria    Chrm/Tloc      #.........   14%         2    ##.....


Dungeon Overview and Level Annotations

Branches:
Dungeon (3/15)

Altars:

Annotations:
D:3 Grinder


Innate Abilities, Weirdness & Mutations

You cannot wear most types of armour.
You are very stealthy in the water. (Stealth+)
You are amphibious.
You can wear up to eight rings at the same time.
You can use your tentacles to constrict eight enemies at once.
Your skin changes colour to match your surroundings (Stealth+).
Your rubbery body absorbs attacks. (AC +1, EV +1)


Message History

You constrict Grinder. Grinder gestures at you.
You suddenly lose the ability to move!
You lose your grip on Grinder.
Grinder completely misses you.
Your magical infusion is running out.
The hobgoblin hits you. Grinder hits you.
* * * LOW HITPOINT WARNING * * *
The hobgoblin hits you.
* * * LOW HITPOINT WARNING * * *
Grinder hits you.
* * * LOW HITPOINT WARNING * * *
The hobgoblin hits you.
* * * LOW HITPOINT WARNING * * *
Grinder barely misses you. The hobgoblin hits you.
* * * LOW HITPOINT WARNING * * *
Grinder hits you.
* * * LOW HITPOINT WARNING * * *
You writhe in agony.
You die...

###.###...################.####
....#####.[..........# #.†..###
.....# #............# ####<...
.....## #.#..........# #####....
......###.#..........####........
.###...##.#......................
.####.....................###....
........#.#.#.........##### #....
...##.......#..5@...#..#### ####.
##.###......#...g...#.....# #.
##.#........#.......#.....######.
.#..........#.......#............
..#...##.........####.÷.†.#######
.....## .........# ##.##.##.....
....## .........####..##..#.....
)...# #.#.#.....#........#.....
....# #.#.#.##.................


You could see Grinder and a hobgoblin.

Vanquished Creatures
  Robin (D:3)
  2 adders
  3 oozes
  2 worms (D:2)
  A dart slug (D:2)
  3 leopard geckos
  3 ball pythons
  10 bats
  3 giant cockroaches
  9 hobgoblins
  2 jackals (D:2)
  7 kobolds
  3 quokkas (D:3)
  5 frilled lizards
  17 goblins
  5 rats
76 creatures vanquished.

Notes
Turn   | Place    | Note
-------+----------+-------------------------------------------
     0 | D:1      | Jorund the Octopode Skald began the quest for the Orb.
     0 | D:1      | Reached XP level 1. HP: 14/14 MP: 3/3
   254 | D:1      | Reached XP level 2. HP: 13/19 MP: 5/5
   773 | D:1      | Reached XP level 3. HP: 21/24 MP: 6/6
  1303 | D:2      | Reached XP level 4. HP: 22/29 MP: 4/7
  1359 | D:2      | Reached skill level 4 in Charms
  1541 | D:3      | Noticed Grinder
  1904 | D:3      | Noticed Robin
  1932 | D:3      | Killed Robin
  1951 | D:3      | Reached XP level 5. HP: 12/34 MP: 8/8
  2240 | D:3      | Learned a level 2 spell: Song of Slaying
  2243 | D:3      | Learned a level 2 spell: Shroud of Golubria
  2338 | D:3      | Paralysed by Grinder for 7 turns
  2343 | D:3      | HP: 1/34 [Grinder (1)]
  2343 | D:3      | Slain by Grinder

Vault maps used:
D:1:      matt_arrival_diagonals
D:2:      kennysheep_potato
D:3:      minmay_rats_cheesy_pizza, uniq_robin, uniq_grinder

Skill      XL: |  1  2  3  4 |
---------------+-------------+-----
Long Blades    | 3 |  3.7
Charms         | 4 |  4.1
Fighting       | |  2.0
Dodging        | |  1.5
Spellcasting   | |  2.6

Action                   |  1- 3 |  4- 6 || total
-------------------------+-------+-------++-------
Melee: Falchion          |    62 |    87 ||   149
       Tentacles         |    15 |    15 ||    30
       Constrict         |    17 |    25 ||    42
 Cast: Infusion          |     6 |     1 ||     7
  Use: Scroll            |     5 |     1 ||     6
       Potion            |       |     1 ||     1
 Stab: Sleeping          |     3 |     4 ||     7
  Eat: Chunk             |     1 |     4 ||     5
Armor: Skin              |     7 |     8 ||    15
Dodge: Dodged            |    47 |    55 ||   102
       Rpst.: Falchion   |    14 |    14 ||    28
